Map: Oxide LE

Players

ViBE - Winner!

  • Race: Terran Terran
  • League: Silver
  • Spawn Location: 1:00

Welz

  • Race: Protoss Protoss
  • League: Master
  • Spawn Location: 7:00

VOD

Have the link to the VOD?

Description

Time

  • Played on: March 14, 2021, 12:52 a.m.
  • Length: 13:13
Show
View Real Time Build Order
Export as new Build Order

ViBE Terran - Winner!

Build Orders:  

Get SALT Encoding   

  12  0:00  SCV  
  13  0:13  SCV  
  14  0:18  Supply Depot  
  14  0:25  SCV  
  15  0:40  SCV  
  15  0:42  Barracks  
  16  0:51  Refinery  
  16  0:52  SCV  
  17  1:04  SCV  
  18  1:18  SCV  
  19  1:31  Orbital Command  
  19  1:32  Marine  
  20  1:50  Command Center  
  20  1:53  Marine  
  21  1:59  SCV  
  22  2:01  Supply Depot  
  22  2:11  SCV  
  23  2:22  Marine  
  23  2:25  Factory, SCV  
  22  2:37  SCV  
  22  2:40  Marine  
  22  2:52  Bunker  
  22  2:54  SCV  
  23  2:59  Barracks Reactor  
  23  3:09  SCV  
  23  3:11  Barracks, Factory Tech Lab  
  22  3:21  SCV  
  20  3:33  Orbital Command, SCV  
  19  3:36  Marine x2  
  20  3:45  SCV  
  21  3:49  Hellion  
  21  3:54  Marine x2  
  25  3:58  SCV  
  25  3:59  Barracks Tech Lab, SCV  
  27  4:06  Supply Depot  
  27  4:13  SCV x2  
  29  4:20  Siege Tank  
  29  4:21  Marine x3  
  35  4:25  SCV x2  
  35  4:30  Refinery  
  37  4:36  Supply Depot  
  37  4:37  SCV  
  37  4:38  SCV  
  39  4:42  Marine x3  
  42  4:49  SCV  
  42  4:50  SCV  
  44  5:00  Marine x3, Stimpack  
  44  5:01  SCV  
  44  5:02  SCV  
  49  5:13  Supply Depot  
  49  5:14  SCV x2  
  51  5:18  Marine x3  
  51  5:20  Siege Tank  
  57  5:26  SCV  
  57  5:27  SCV  
  59  5:33  Command Center  
  59  5:39  Supply Depot, SCV x2  
  61  5:51  SCV x2  
  61  5:52  Starport  
  63  6:02  Siege Tank  
  66  6:04  Marine x3  
  66  6:10  SCV x2  
  71  6:13  Supply Depot  
  71  6:18  Refinery  
  71  6:19  Refinery  
  71  6:22  SCV x2  
  71  6:24  Marine x3  
  76  6:31  Starport Reactor  
  76  6:35  SCV x2  
  58  6:47  Orbital Command, SCV  
  79  6:48  Combat Shield  
  79  6:51  Marine x3  
  82  6:56  SCV  
  82  6:59  SCV  
  84  7:02  Barracks  
  84  7:04  Barracks  
  84  7:05  Barracks  
  84  7:06  Barracks  
  84  7:11  Engineering Bay, SCV x2  
  84  7:12  Engineering Bay  
  84  7:15  SCV, Marine  
  87  7:16  Marine x2  
  87  7:22  Medivac x2, Hellion  
  96  7:23  SCV  
  96  7:29  Supply Depot  
  97  7:31  Supply Depot  
  97  7:40  Supply Depot, SCV  
  97  7:42  Supply Depot, SCV  
  99  7:52  SCV  
  99  7:54  Medivac x2, SCV  
  105  7:59  Barracks Reactor  
  105  8:00  Orbital Command, Barracks Reactor x3  
  105  8:03  Armory  
  105  8:04  SCV  
  106  8:06  Terran Infantry Armor Level 1, SCV, Terran Infantry Weapons Level 1  
  107  8:16  SCV  
  107  8:18  SCV  
  109  8:26  SCV  
  110  8:28  SCV  
  110  8:30  SCV  
  110  8:32  Marine x3  
  115  8:35  Medivac x2  
  115  8:37  Marine  
  115  8:38  Marine x7  
  115  8:39  SCV  
  128  8:42  SCV x2  
  128  8:48  Refinery  
  130  8:50  Command Center, Refinery  
  130  8:51  SCV  
  131  8:58  Supply Depot  
  131  8:59  Supply Depot  
  131  9:01  Supply Depot, Marine  
  131  9:02  Marine  
  133  9:03  Supply Depot  
  133  9:15  Marine  
  133  9:16  Marine x3  
  133  9:17  Marine  
  133  9:20  Missile Turret  
  133  9:22  Missile Turret  
  133  9:23  Marine  
  133  9:25  Missile Turret, Marine  
  133  9:27  Marine  
  133  9:34  Terran Vehicle Weapons Level 1  
  133  9:39  Supply Depot x3  
  133  9:42  Supply Depot  
  133  10:00  Medivac x2, Marine x2, Thor  
  145  10:21  SCV x3  
  148  10:22  Marine x10  
  148  10:23  Marine  
  158  10:40  Command Center, Marine x2  
  159  10:54  Marine x9  
  159  10:55  Thor  
  159  10:56  Medivac x2  
  171  10:58  Marine x2  
  169  11:06  SCV x3  
  172  11:12  Marine  
  172  11:14  Marine x8  
  172  11:15  Marine  
  172  11:16  Marine  
  172  11:18  SCV  
  179  11:25  Missile Turret  
  179  11:26  Medivac  
  179  11:27  Planetary Fortress  
  179  11:28  Medivac  
  180  11:44  Thor  
  180  11:45  Marine  
  180  11:47  SCV  
  180  11:48  Marine  
  180  11:49  Marine, SCV  
  180  11:51  Marine x8, SCV  
  180  11:52  Supply Depot  
  189  11:55  Supply Depot  
  189  12:03  Marine  
  189  12:06  Marine  
  191  12:09  Marine x4  
  195  12:39  Command Center  
  195  12:42  SCV x3  
  195  12:43  SCV  
Show
View Real Time Build Order
Export as new Build Order

Welz Protoss 

Build Orders: 1 Gate Expand, Nexus First 

Get SALT Encoding   

  12  0:18  Pylon  
  12  0:41  Gateway  
  12  1:03  Nexus  
  12  1:08  Probe (Chrono Boost)  
  13  1:18  Probe (Chrono Boost)  
  14  1:23  Probe (Chrono Boost)  
  15  1:28  Zealot (Chrono Boost)  
  17  1:34  Probe  
  18  1:47  Probe, Zealot (Chrono Boost)  
  21  1:59  Probe  
  22  2:09  Assimilator  
  22  2:11  Probe  
  22  2:14  Zealot  
  22  2:15  Assimilator  
  25  2:23  Probe  
  24  2:51  Probe (Chrono Boost)  
  25  2:59  Assimilator  
  25  3:02  Probe (Chrono Boost)  
  25  3:04  Probe (Chrono Boost)  
  27  3:07  Probe (Chrono Boost)  
  28  3:13  Probe  
  28  3:18  Probe  
  30  3:21  Nexus  
  30  3:25  Probe  
  29  3:30  Probe  
  30  3:37  Probe  
  31  3:47  Probe (Chrono Boost)  
  32  3:57  Assimilator  
  32  3:58  Probe (Chrono Boost)  
  32  4:02  Probe (Chrono Boost)  
  33  4:07  Pylon  
  32  4:10  Pylon  
  32  4:13  Probe  
  32  4:14  Pylon  
  33  4:25  Probe (Chrono Boost)  
  34  4:36  Probe (Chrono Boost)  
  36  4:41  Probe (Chrono Boost)  
  36  4:44  Assimilator  
  37  4:46  Probe (Chrono Boost)  
  37  4:48  Probe (Chrono Boost)  
  37  4:50  Cybernetics Core  
  39  4:53  Probe x2 (Chrono Boost)  
  39  4:54  Pylon  
  39  4:57  Pylon  
  40  5:01  Forge  
  40  5:04  Probe x2  
  42  5:12  Gateway  
  42  5:13  Pylon  
  42  5:16  Probe  
  42  5:17  Probe, Pylon  
  42  5:20  Pylon  
  44  5:32  Probe x2 (Chrono Boost)  
  46  5:42  Protoss Shields Level 1  
  48  5:43  Probe (Chrono Boost)  
  48  5:45  Probe (Chrono Boost)  
  48  5:48  Probe (Chrono Boost)  
  48  5:49  Twilight Council  
  49  5:51  Protoss Air Weapons Level 1 (Chrono Boost)  
  49  5:53  Probe  
  50  5:57  Stargate  
  50  5:58  Stargate, Probe  
  51  6:04  Stargate  
  51  6:05  Probe (Chrono Boost)  
  51  6:09  Stargate  
  53  6:16  Probe (Chrono Boost)  
  53  6:17  Probe (Chrono Boost)  
  54  6:21  Assimilator  
  54  6:23  Probe (Chrono Boost)  
  55  6:31  Probe  
  56  6:43  Probe  
  57  6:47  Dark Shrine  
  57  6:50  Fleet Beacon  
  57  6:54  Pylon  
  57  6:55  Probe  
  57  6:57  Pylon  
  57  7:00  Pylon  
  58  7:03  Pylon  
  58  7:04  Void Ray x4  
  58  7:08  Probe  
  75  7:23  Nexus  
  75  7:26  Probe (Chrono Boost)  
  76  7:35  Warp Gate (Chrono Boost)  
  77  7:37  Probe (Chrono Boost)  
  77  7:42  Probe (Chrono Boost), Void Ray x2  
  77  7:43  Void Ray x2  
  94  7:53  Probe  
  95  8:00  Protoss Shields Level 2 (Chrono Boost)  
  95  8:05  Probe  
  96  8:11  Blink  
  96  8:19  Void Ray  
  96  8:20  Void Ray x3  
  112  8:40  Assimilator  
  112  8:56  Void Ray  
  112  8:57  Void Ray x2  
  124  9:16  Void Ray, Protoss Air Weapons Level 2  
  124  9:18  Flux Vanes  
  120  9:46  Void Ray (Chrono Boost)  
  120  9:49  Void Ray x2 (Chrono Boost)  
  132  9:53  Void Ray (Chrono Boost)  
  136  10:20  Protoss Ground Weapons Level 1  
  136  10:24  Void Ray (Chrono Boost)  
  136  10:28  Void Ray (Chrono Boost)  
  136  10:29  Void Ray (Chrono Boost)  
  136  10:30  Void Ray (Chrono Boost)  
  138  11:04  Void Ray x4  
  75  11:41  Void Ray x3  
  71  12:24  Nexus  
Tags
 
Add a new tag
Caveats
  • Supply blocks, unpowered buildings, or Contaminate may cause inaccurate times.
  • Supply counts are checked every 10 seconds.